Map: Ephemeron LE

Players

Clem

  • Race: Terran Terran
  • League: Master
  • Spawn Location: 5:00

liquidthermy (uThermal) - Winner!

  • Race: Terran Terran
  • Spawn Location: 11:00

Event: HomeStory Cup XX

VOD

Have the link to the VOD?

Description

Time

  • Played on: Nov. 23, 2019, 5:41 a.m.
  • Length: 8:45

All games in this series

Show
View Real Time Build Order
Export as new Build Order

Clem Terran 

Build Orders:  

Get SALT Encoding   

  12  0:01  SCV  
  13  0:13  SCV  
  14  0:17  Supply Depot  
  14  0:25  SCV  
  15  0:29  Refinery  
  15  0:38  SCV  
  15  0:40  Barracks  
  16  0:45  Refinery  
  16  0:50  SCV  
  17  1:03  SCV  
  18  1:06  Barracks  
  18  1:15  SCV  
  19  1:27  Orbital Command  
  19  1:28  Reaper  
  20  1:35  Supply Depot  
  20  1:53  Reaper, SCV  
  22  2:04  Reaper  
  23  2:09  Command Center  
  23  2:13  SCV  
  24  2:17  Refinery  
  24  2:25  SCV  
  24  2:27  Marine  
  26  2:35  Supply Depot  
  26  2:36  Marine  
  27  2:37  SCV  
  27  2:42  Factory  
  28  2:47  Marine  
  28  2:49  SCV  
  30  2:54  Bunker  
  30  3:00  Marine  
  30  3:01  SCV  
  31  3:13  SCV  
  31  3:18  Marine  
  32  3:20  Marine  
  32  3:21  Orbital Command  
  32  3:25  Factory Tech Lab, SCV  
  34  3:34  Starport  
  33  3:36  Marine  
  33  3:38  Marine  
  35  3:45  Cyclone  
  38  3:48  SCV  
  38  3:49  SCV  
  41  3:57  Barracks Tech Lab x2  
  41  4:00  SCV  
  41  4:05  SCV  
  41  4:13  Refinery  
  41  4:18  Marine  
  41  4:20  SCV x2  
  41  4:23  Supply Depot  
  44  4:24  Raven  
  44  4:29  Command Center  
  44  4:31  Barracks Reactor  
  44  4:36  Stimpack  
  44  4:38  Marine  
  43  4:41  SCV  
  42  4:51  SCV  
  40  4:55  Marine, SCV  
  42  5:03  SCV  
  42  5:06  Siege Tank  
  46  5:08  SCV  
  46  5:10  Marine x2  
  49  5:15  SCV  
  49  5:19  Marine  
  51  5:23  Barracks  
  51  5:24  SCV  
  51  5:27  SCV  
  53  5:32  Starport Reactor  
  53  5:33  Supply Depot  
  53  5:37  Engineering Bay  
  52  5:44  Siege Tank  
  52  5:45  SCV  
  52  5:50  Marine x2  
  52  5:54  Marine  
  52  5:55  SCV  
  52  5:56  SCV  
  57  6:00  SCV  
  58  6:07  SCV  
  58  6:08  Marine x2  
  53  6:13  SCV  
  53  6:15  Marine  
  46  6:19  Viking  
  42  6:26  Marine x2  
  42  6:29  Marine  
  43  6:33  SCV  
  43  6:39  Marine  
  42  6:44  Marine x2  
  41  6:51  SCV  
  41  6:52  SCV  
  43  7:00  Orbital Command  
  45  7:08  SCV x2  
  45  7:13  Marine x2  
  47  7:15  Combat Shield  
  47  7:19  Marauder  
  47  7:21  SCV x2  
  51  7:26  Marauder  
  51  7:27  SCV  
  54  7:32  Marine x2  
  54  7:34  SCV x2  
  58  7:37  Siege Tank  
  58  7:42  SCV  
  62  7:44  Medivac x2  
  62  7:50  Supply Depot  
  66  7:52  SCV x2  
  66  7:56  Marauder, Orbital Command  
  66  7:58  Marine x2  
  70  8:01  Marauder  
  73  8:06  Supply Depot  
  73  8:07  SCV x2  
  73  8:12  Supply Depot  
  75  8:18  Marine  
  75  8:19  Marine  
  80  8:22  SCV x3  
  80  8:24  Refinery  
Show
View Real Time Build Order
Export as new Build Order

liquidthermy Terran - Winner!

Build Orders: 1/1/1, Banshee Rush 

Get SALT Encoding   

  12  0:01  SCV  
  13  0:13  SCV  
  14  0:17  Supply Depot  
  14  0:25  SCV  
  14  0:27  Refinery  
  15  0:38  SCV  
  16  0:44  Barracks  
  16  0:50  SCV  
  16  0:54  Refinery  
  17  1:02  SCV  
  18  1:15  SCV  
  19  1:31  Orbital Command, Reaper  
  20  1:35  Factory  
  20  1:43  Supply Depot  
  20  1:56  SCV  
  21  2:03  Reaper  
  22  2:08  SCV  
  23  2:19  Hellion  
  23  2:20  SCV  
  23  2:21  Starport  
  26  2:31  Supply Depot  
  26  2:33  SCV  
  26  2:35  Barracks Tech Lab  
  27  2:40  Hellion  
  29  2:45  SCV  
  30  3:03  Cloaking Field, Command Center  
  29  3:13  Banshee  
  29  3:14  SCV  
  32  3:23  Factory Tech Lab  
  32  3:26  SCV, Barracks Reactor  
  33  3:38  SCV  
  34  3:43  Siege Tank  
  34  3:46  Supply Depot  
  37  3:50  SCV  
  38  4:03  SCV  
  38  4:07  Banshee  
  38  4:09  Marine x2  
  41  4:15  SCV  
  41  4:16  Orbital Command  
  40  4:25  Siege Tank  
  40  4:27  Marine, SCV  
  44  4:34  Marine  
  45  4:39  SCV  
  45  4:44  SCV  
  45  4:45  Marine  
  48  4:51  Marine, SCV  
  50  4:53  Banshee  
  50  4:56  SCV  
  51  5:03  Marine, SCV  
  51  5:05  Siege Tank  
  56  5:08  SCV  
  56  5:09  Marine  
  56  5:11  Supply Depot  
  58  5:15  SCV  
  58  5:20  SCV  
  58  5:21  Marine  
  61  5:27  SCV  
  62  5:31  Command Center  
  62  5:32  Marine  
  62  5:33  SCV  
  64  5:35  Supply Depot  
  64  5:41  Marine, SCV  
  69  5:49  SCV  
  70  5:54  Refinery  
  70  5:55  Refinery, Supply Depot, Siege Tank  
  70  5:57  SCV  
  70  6:01  SCV  
  72  6:10  SCV  
  72  6:15  Marine  
  72  6:16  Viking  
  64  6:20  SCV  
  64  6:27  Siege Tank, SCV  
  64  6:29  Command Center  
  68  6:39  Marine  
  64  6:41  SCV  
  64  6:46  Orbital Command, SCV  
  67  6:52  Viking x2  
  67  6:53  SCV  
  72  6:58  SCV  
  72  6:59  Siege Tank, Engineering Bay  
  76  7:05  SCV  
  77  7:10  Supply Depot, SCV  
  78  7:17  Orbital Command, SCV  
  78  7:20  Bunker  
  78  7:22  Viking x2  
  79  7:23  SCV  
  85  7:30  Missile Turret, SCV  
  85  7:35  SCV  
  86  7:37  Missile Turret  
  86  7:39  Sensor Tower  
  86  7:40  Orbital Command, Siege Tank  
  86  7:42  SCV x2  
  91  7:47  SCV  
  91  7:50  Refinery  
  92  7:51  Refinery  
  92  7:54  Missile Turret, SCV  
  92  7:55  Viking, SCV  
  92  7:58  Viking  
  98  7:59  SCV  
  99  8:06  SCV  
  99  8:07  SCV  
  99  8:09  SCV  
  99  8:11  SCV  
  99  8:12  Siege Tank  
  106  8:13  Missile Turret  
  106  8:18  SCV, Armory  
  106  8:19  SCV, Armory  
  108  8:21  Marine  
  108  8:23  SCV  
  108  8:25  SCV  
  111  8:30  SCV  
  111  8:32  SCV  
  118  8:42  Missile Turret  
Tags
 
League
Master
Matchup
TvT
Opening
1/1/1
Race
Terran
Spawn Locations
Cross Positions
Strategy
Banshee Rush
Add a new tag
Caveats
  • Supply blocks, unpowered buildings, or Contaminate may cause inaccurate times.
  • Supply counts are checked every 10 seconds.